 Dungeon Crawl Stone Soup version 0.30-a0-777-ga9a30cbeda (webtiles) character file.

Game seed: 798284829454274477

639 jimonade the Ogre Mage (level 7, 0/93 HPs)
             Began as an Ogre Venom Mage on Feb 13, 2023.
             Slain by an orc
             ... wielding a +0 whip
              (4 damage)
             ... on level 3 of the Dungeon.
             The game lasted 00:11:51 (4805 turns).

jimonade the Ogre Mage (Ogre Venom Mage)            Turns: 4805, Time: 00:11:52

Health: 0/93       AC:  4    Str: 15    XL:     7   Next: 51%
Magic:  8/15       EV: 10    Int: 22    God:
Gold:   112        SH:  0    Dex:  9    Spells: 14/17 levels left

rFire   + . .      SeeInvis .    B - +0 lajatang (pain)
rCold   . . .      Faith    .    (shield currently unavailable)
rNeg    . . .      Spirit   .    g - +0 robe
rPois   .          Reflect  .    (helmet restricted)
rElec   .          Harm     .    d - +0 cloak
rCorr   .          Rampage  .    (gloves unavailable)
Will    .....                    (boots unavailable) Stlth
                                 (no amulet)
HPRegen 0.35/turn                k - ring of protection from fire
MPRegen 0.14/turn                u - +6 ring of intelligence

@: berserking, very quick
A: large, unfitting armour, tough skin 1
a: no special abilities


You were on level 3 of the Dungeon.
You visited 1 branch of the dungeon, and saw 4 of its levels.

You collected 112 gold pieces.

Inventory:

Hand Weapons
 a - a +0 whip
 o - a +0 mace
 t - a +0 flail
 B - a +0 lajatang of pain (weapon)
 C - a +0 giant spiked club
Missiles
 n - 42 stones
 w - 14 poisoned darts
Armour
 d - a +0 cloak (worn)
 g - a +0 robe (worn)
Jewellery
 k - a ring of protection from fire (left hand)
 u - a +6 ring of intelligence (right hand)
Wands
 p - a wand of flame (12)
Scrolls
 e - 3 scrolls of teleportation {unknown}
 f - 7 scrolls of identify {unknown}
 m - 2 scrolls of vulnerability {unknown}
 q - a scroll of poison {unknown}
 x - a scroll of acquirement {unknown}
 y - a scroll of silence {unknown}
 A - a scroll of fear {unknown}
Potions
 b - 3 potions of magic
 c - 4 potions of mutation {unknown}
 h - 2 potions of haste {unknown}
 i - a potion of brilliance {unknown}
 j - a potion of degeneration {unknown}
 l - a potion of curing {unknown}
 s - 2 potions of heal wounds {unknown}
 v - 3 potions of attraction {unknown}
 z - a potion of lignification {unknown}


   Skills:
 + Level 1.2 Fighting
 + Level 1.1(1.4) Maces & Flails
 + Level 1.4(1.7) Staves
 + Level 2.0 Dodging
 - Level 1.4 Stealth
 + Level 5.8 Spellcasting
 * Level 0.7 Conjurations
 + Level 2.6 Transmutations
 * Level 2.1 Air Magic
 + Level 4.2 Poison Magic


You had 14 spell levels left.
You knew the following spells:

 Your Spells              Type           Power      Damage    Failure   Level
a - Sting                 Tmut/Pois      84%        1d7       2%          1
b - Poisonous Vapours     Pois/Air       40%        N/A       3%          2

Your spell library contained the following spells:

 Spells                   Type           Power      Damage    Failure   Level
 Apportation              Tloc           12%        N/A       10%         1
 Mephitic Cloud           Conj/Pois/Air  16%        N/A       11%         3
 Olgreb's Toxic Radiance  Pois           25%        N/A       16%         4
 Alistair's Intoxication  Tmut/Pois      14%        N/A       54%         5


Dungeon Overview and Level Annotations

Branches:
Dungeon (4/15)
 Temple: D:4-7

Altars:
Ashenzari
Sif Muna

Annotations:
D:2 Robin


Innate Abilities, Weirdness & Mutations

You are too large for most types of armour.
You have tough skin. (AC +1)


Message History

You barely miss the orc priest.
The orc priest is heavily wounded.
The orc hits you with a +0 whip.
The orc priest calls down the wrath of Beogh upon you.
Pain shoots through your body! The orc barely misses you.
You closely miss the orc priest.
The orc priest is heavily wounded.
The orc priest mumbles some strange prayers to Beogh against you.
Pain shoots through your body!
* * * LOW HITPOINT WARNING * * *
The orc hits you but does no damage. The orc barely misses you.
You hit the orc priest.
The orc priest is severely wounded.
The orc priest hits you but does no damage.
The orc barely misses you. The orc closely misses you.
The orc hits you with a +0 whip.
* * * LOW HITPOINT WARNING * * *
The orc hits you with a +0 short sword.
* * * LOW HITPOINT WARNING * * *
The orc priest hits you with a +0 dagger.
* * * LOW HITPOINT WARNING * * *
The orc priest hits you with a +0 dagger.
* * * LOW HITPOINT WARNING * * *
The orc hits you with a +0 whip.
* * * LOW HITPOINT WARNING * * *
The orc hits you but does no damage.
You climb upwards.
There is a stone staircase leading down here.
There are monsters nearby!
A red film seems to cover your vision as you go berserk!
You feel yourself moving faster!
You feel mighty! The orc hits you with a +0 whip.
* * * LOW HITPOINT WARNING * * *
The orc priest barely misses you. The orc barely misses you.
You slash the orc priest!
You kill the orc priest!
You slice the orc!!
You kill the orc!
The orc hits you with a +0 whip.
You die...

#.........# #...# #..#
#.........# #...# #..#
#.........#### ###...# #..#
#............# #...#.# #..#
##...........# #.#.#†# #..#
.#...........# ##.#.#.# #..#
.####........## #..#.#.# #..# .#
#.........###)##.#.# #..# .#
#..........o@)...#.# #.[#
.####........#########.######.)#
.#...........'....# #.........#
.####........####)# #..######.##
.# #........# #@####.^#.......#
## ##........# #....#..#.#######
# #.......#########.#..#.#
####.............###.#..#.#
................)....#..#.#


You could see an orc.

Vanquished Creatures
  Sigmund (D:3)
  An ogre (D:4)
  A scorpion (D:4)
  A hound (D:4)
  2 orc priests (D:3)
  Natasha (twice) (D:2)
  An orc wizard (D:4)
  3 gnolls
  4 adders
  A worm (D:2)
  A dart slug (D:1)
  21 orcs
  3 bats (D:1)
  4 endoplasms
  4 giant cockroaches
  12 hobgoblins
  3 jackals (D:3)
  4 quokkas
  4 ball pythons
  3 frilled lizards
  8 goblins
  7 kobolds
  5 rats
96 creatures vanquished.

Vanquished Creatures (others)
  A plant (D:4)
1 creature vanquished.

Grand Total: 97 creatures vanquished

Notes
Turn   | Place    | Note
-------+----------+-------------------------------------------
     0 | D:1      | jimonade the Ogre Venom Mage began the quest for the Orb.
     0 | D:1      | Reached XP level 1. HP: 16/16 MP: 3/3
   179 | D:1      | Reached XP level 2. HP: 20/24 MP: 0/5
   308 | D:1      | Reached skill level 3 in Spellcasting
   308 | D:1      | Reached skill level 1 in Transmutations
   805 | D:2      | Reached XP level 3. HP: 20/31 MP: 1/7
  1028 | D:2      | Noticed Natasha
  1038 | D:2      | Killed Natasha
  1039 | D:2      | Reached XP level 4. HP: 35/39 MP: 5/9
  1634 | D:2      | Noticed Robin
  1720 | D:3      | Found a broken altar of Ashenzari.
  1720 | D:3      | Found a shimmering blue altar of Sif Muna.
  1857 | D:3      | Reached skill level 4 in Spellcasting
  2267 | D:3      | Reached skill level 1 in Air Magic
  2407 | D:3      | Reached XP level 5. HP: 23/45 MP: 5/11
  2698 | D:3      | Noticed Sigmund
  2723 | D:3      | Killed Sigmund
  2724 | D:3      | Reached skill level 5 in Spellcasting
  2724 | D:3      | Reached XP level 6. HP: 45/54 MP: 7/13
  3328 | D:2      | Noticed Natasha
  3340 | D:2      | Killed Natasha
  3735 | D:4      | Reached skill level 1 in Maces & Flails
  3735 | D:4      | Reached XP level 7. HP: 49/61 MP: 10/15
  3773 | D:4      | Learned a level 2 spell: Poisonous Vapours
  4506 | D:4      | Reached skill level 1 in Fighting
  4506 | D:4      | Reached skill level 1 in Staves
  4801 | D:4      | HP: 3/62 [orc/+0 whip (4)]
  4805 | D:3      | Slain by an orc

Illustrated notes

Levels and vault maps discovered:
D:1:      sevenhm_arrival_forest_fort_small_4, layout_rooms
D:2:      layout_loops_corners, uniq_robin, uniq_natasha
D:3:      layout_basic, jmf_multi_god_temple, kennysheep_cross_room,
          uniq_sigmund
D:4:      corexii_shantytown, layout_gridville, okawaru_altar_gauntlet_db,
          hellmonk_ghost_happy_afterlife, uniq_blork_the_orc

Skill      XL: |  1  2  3  4  5  6  7 |
---------------+----------------------+-----
Poison Magic   | 3 4 |  4.2
Spellcasting   | 3 4 5 |  5.8
Transmutations | 1 2 |  2.6
Air Magic      | 1 2 |  2.1
Maces & Flails | 1 |  1.1
Fighting       | 1 |  1.2
Staves         | 1 |  1.4
Dodging        | 2 |  2.0
Stealth        | |  1.4
Conjurations   | |  0.7

Action                     |  1- 3 |  4- 6 |  7- 9 || total
---------------------------+-------+-------+-------++-------
  Melee: Unarmed           |    12 |       |       ||    12
         Whip              |     8 |    71 |    19 ||    98
         Lajatang          |       |       |    51 ||    51
         Punch             |       |       |     2 ||     2
   Cast: Sting             |    34 |    83 |    13 ||   130
         Poisonous Vapours |       |       |    20 ||    20
    Use: Potion            |       |       |     1 ||     1
 Armour: Robe              |    25 |    23 |    20 ||    68
  Dodge: Dodged            |    31 |    39 |    50 ||   120

Table legend: (Time is in decaauts)
 A = Elapsed time spent in this place.
 B = Non-inter-level travel time spent in this place.
 C = Inter-level travel time spent in this place.
 D = Time resting spent in this place.
 E = Time spent auto-exploring this place.
 F = Levels seen in this place.
 G = Mean time per level.
                   A        B        C        D        E       F      G
               +--------+--------+--------+--------+--------+-----+--------+
         Total |   4836 |   4608 |    228 |    487 |   3151 |   4 | 1209.0 |
       Dungeon |   4836 |   4608 |    228 |    487 |   3151 |   4 | 1209.0 |
               +--------+--------+--------+--------+--------+-----+--------+

Top non-repeatable levels by time:
     D:3: 2135 daAuts
     D:2: 1011 daAuts
     D:4: 918 daAuts
     D:1: 771 daAuts
